 Dungeon Crawl Stone Soup version 0.31-a0-1620-gcbf77bbcfc (webtiles) character file.

Game seed: 3648948187726506382

704 MacCMillion the Cleaver (level 7, 0/52 HPs)
             Began as a Formicid Fighter on Jan 11, 2024.
             Was a Follower of Okawaru.
             Incinerated by a bombardier beetle (4 damage)
             ... with a burning spray
             ... on level 5 of the Dungeon.
             The game lasted 00:05:13 (4345 turns).

MacCMillion the Cleaver (Formicid Fighter)          Turns: 4345, Time: 00:05:14

Health: 0/52       AC: 17    Str: 32    XL:     7   Next: 99%
Magic:  9/9        EV:  7    Int:  7    God:    Okawaru [*.....]
Gold:   250        SH:  5    Dex: 12    Spells: 6/6 levels left

rFire   . . .        a - +0 war axe
rCold   . . .        c - +0 buckler
rNeg    . . .        b - +0 plate armour
rPois   .            (helmet unavailable)
rElec   .            (no cloak)
rCorr   .            n - +0 pair of gloves
SInv    +            z - +0 pair of boots
Will    .....        (no amulet) Stlth
                     s - +6 ring of strength
HPRegen 0.28/turn    (no ring)
MPRegen 0.11/turn

%: no passive effects
@: on fire, glowing
A: permanent stasis, dig shafts and tunnels, antennae 3, four strong arms,
iridescent scales 2, strong 1, persistent drain
a: Dig, Shaft Self, Renounce Religion, Heroism


You were on level 5 of the Dungeon.
You worshipped Okawaru.
Okawaru was aware of your devotion.
You visited 2 branches of the dungeon, and saw 6 of its levels.

You collected 250 gold pieces.

Inventory:

Hand Weapons
 a - a +0 war axe (weapon)
Missiles
 r - 13 javelins
 x - 2 poisoned darts
 y - 6 boomerangs
Armour
 b - a +0 plate armour (worn)
 c - a +0 buckler (worn)
 n - a +0 pair of gloves (worn)
 v - a +0 tower shield
 z - a +0 pair of boots (worn)
Jewellery
 s - a +6 ring of strength (left hand)
Wands
 t - a wand of iceblast (18)
Scrolls
 e - a scroll of blinking {unknown}
 f - 5 scrolls of teleportation {unknown}
 j - a scroll of vulnerability {unknown}
 k - a scroll of immolation {unknown}
 o - 4 scrolls of identify {unknown}
 p - 2 scrolls of enchant weapon {unknown}
 q - a scroll of enchant armour {unknown}
 w - a scroll of butterflies {unknown}
Potions
 d - 2 potions of might
 h - a potion of haste {unknown}
 i - a potion of mutation
 l - a potion of attraction {unknown}
 m - a potion of cancellation
 u - 2 potions of curing {unknown}


   Skills:
 - Level 3.2 Fighting
 + Level 8.0 Axes
 - Level 3.2 Armour
 - Level 4.0 Shields
 - Level 3.0 Invocations


You had 6 spell levels left.
You didn't know any spells.
Your spell library contained the following spells:

 Spells                   Type           Power      Damage    Failure   Level
 Magic Dart               Conj           0%         1d3       99%         1
 Blink                    Tloc           Unusable   N/A       N/A         2
 Call Imp                 Summ           Unusable   N/A       N/A         2

Dungeon Overview and Level Annotations

Branches:
Dungeon (5/15)             Temple (1/1) D:4

Altars:
Ashenzari
Cheibriados
Dithmenos
Gozag
Hepliaklqana
Kikubaaqudgha
Makhleb
Okawaru
Ru
Uskayaw
Vehumet
Wu Jian
Yredelemnul
The Shining One


Innate Abilities, Weirdness & Mutations

You cannot be hasted, slowed, berserked, paralysed or teleported.
You can dig through walls and to a lower floor.
You have a pair of large antennae on your head. (SInv)
Your four strong arms can wield two-handed weapons with a shield.
You are mostly covered in iridescent scales. (AC +4)
Your muscles are strong. (Str +4, Int/Dex -1)
Your health recovers twice as slowly from being drained.


Message History

The liquid fire burns you!
You block the bombardier beetle's attack.
You barely miss the bombardier beetle.
The bombardier beetle is severely wounded.
The liquid fire burns you!
The bombardier beetle sprays incendiary fluid at you.
The burning spray hits you.
You are even more covered in liquid fire!
You barely miss the bombardier beetle.
The bombardier beetle is severely wounded.
The liquid fire burns you!
You hit the bombardier beetle but do no damage.
The bombardier beetle is severely wounded.
The liquid fire burns you!
The bombardier beetle bites you but does no damage.
You slash the bombardier beetle!
You kill the bombardier beetle!
Okawaru accepts your kill. The liquid fire burns you!
Your Axes skill increases to level 8!
You are on fire!
Unknown command.
The liquid fire burns you! The liquid fire burns you!
* * * LOW HITPOINT WARNING * * *
The liquid fire burns you!
* * * LOW HITPOINT WARNING * * *
The liquid fire burns you!
* * * LOW HITPOINT WARNING * * *
You feel much better. The liquid fire burns you! The liquid fire burns you!
* * * LOW HITPOINT WARNING * * *
The liquid fire burns you!
* * * LOW HITPOINT WARNING * * *
You are on fire!
The liquid fire burns you!
* * * LOW HITPOINT WARNING * * *
The liquid fire burns you!
You die...

#.#.......##....#
#.##+###........#
#.#....'........###
#.#....#..........#
###.#...............###
....#....#.............
#####....#..........#
.........######.....#
.####.....# #.@...# .#
#.....# #†.†..#
.####.....# #...<.#
...##.....# #.....#
.#.####...# #.....#
.#.# #...# #.....# ##.#
#...# #.....# #.# #####
#.....# #.#


There were no monsters in sight!

Vanquished Creatures
  Eustachio (D:4)
  Menkaure (D:4)
  2 black bears
  A bombardier beetle (D:5)
  A hound (D:5)
  A sleepcap (D:5)
  Jessica (D:2)
  2 orc wizards
  2 adders
  4 dart slugs
  10 orcs
  5 endoplasms
  4 giant cockroaches
  6 goblins
  7 hobgoblins
  6 jackals
  5 kobolds
  5 quokkas
  3 ball pythons
  5 bats (D:1)
  2 frilled lizards
  3 rats
  A spectral goblin (D:2)
78 creatures vanquished.

Notes
Turn   | Place    | Note
-------+----------+-------------------------------------------
     0 | D:1      | MacCMillion the Formicid Fighter began the quest for the
                  | Orb.
     0 | D:1      | Reached XP level 1. HP: 18/18 MP: 1/1
     1 | D:1      | Found a hazy altar of Hepliaklqana.
   104 | D:1      | Reached XP level 2. HP: 24/24 MP: 2/2
   114 | D:1      | Reached skill level 3 in Axes
   224 | D:1      | Reached XP level 3. HP: 29/29 MP: 3/3
   961 | D:2      | Found a faded altar of an unknown god.
  1178 | D:2      | Noticed Jessica
  1183 | D:2      | Killed Jessica
  1184 | D:2      | Reached skill level 4 in Axes
  1184 | D:2      | Reached XP level 4. HP: 24/35 MP: 4/4
  1603 | D:3      | Reached XP level 5. HP: 36/41 MP: 5/5
  2125 | D:3      | Reached skill level 5 in Axes
  2501 | D:4      | Found a snail-covered altar of Cheibriados.
  2713 | D:4      | Found a staircase to the Ecumenical Temple.
  2716 | D:4      | Found a hide-covered altar of Uskayaw.
  2719 | D:4      | Noticed Menkaure
  2735 | D:4      | Killed Menkaure
  2736 | D:4      | Reached skill level 6 in Axes
  2736 | D:4      | Reached XP level 6. HP: 23/47 MP: 6/6
  2946 | Temple   | Entered the Ecumenical Temple
  2991 | Temple   | Became a worshipper of Warmaster Okawaru
  3037 | D:4      | Noticed a black bear
  3052 | D:4      | Killed a black bear
  3568 | D:4      | Noticed Eustachio
  3590 | D:4      | Gained mutation: Your health recovers twice as slowly from
                  | being drained. [potion of mutation]
  3590 | D:4      | Gained mutation: You are partially covered in iridescent
                  | scales. (AC +2) [potion of mutation]
  3590 | D:4      | Gained mutation: Your muscles are strong. (Str +4, Int/Dex
                  | -1) [potion of mutation]
  3590 | D:4      | Gained mutation: You are mostly covered in iridescent
                  | scales. (AC +4) [potion of mutation]
  3592 | D:4      | HP: 1/47 [poisoned by Eustachio]
  3595 | D:4      | Killed Eustachio
  3595 | D:4      | Reached * piety under Okawaru
  3596 | D:4      | Reached skill level 7 in Axes
  3596 | D:4      | Reached XP level 7. HP: 3/52 MP: 6/8
  4099 | D:5      | Entered Level 5 of the Dungeon
  4337 | D:5      | Reached skill level 8 in Axes
  4345 | D:5      | Incinerated by a bombardier beetle

Illustrated notes

Levels and vault maps discovered:
D:1:      sevenhm_arrival_forest_fort_small_6, layout_loops_ring
D:2:      layout_basic, dreamdust_ecumenical_altar_drowned_temple, uniq_jessica
D:3:      layout_basic
D:4:      layout_basic, lemuel_crystal_altar, nicolae_uskayaw_dance_hall,
          temple_pool_b, uniq_menkaure, uniq_eustachio
D:5:      layout_basic
Temple:   minmay_temple_forest_path

Skill      XL: |  1  2  3  4  5  6  7 |
---------------+----------------------+-----
Axes           | 3 4 6 7 8 |  8.0
Invocations    | 2 3 |  3.0
Fighting       | |  3.2
Armour         | |  3.2
Shields        | |  4.0

Action                     |  1- 3 |  4- 6 |  7- 9 || total
---------------------------+-------+-------+-------++-------
  Melee: War axe           |    80 |   114 |    38 ||   232
    Use: Potion            |       |     5 |     2 ||     7
 Armour: Scale mail        |    33 |       |       ||    33
         Chain mail        |    18 |       |       ||    18
         Plate armour      |    14 |   101 |    30 ||   145
  Dodge: Dodged            |    26 |    36 |     8 ||    70
  Block: Buckler           |    17 |    23 |    11 ||    51

Table legend: (Time is in decaauts)
 A = Elapsed time spent in this place.
 B = Non-inter-level travel time spent in this place.
 C = Inter-level travel time spent in this place.
 D = Time resting spent in this place.
 E = Time spent auto-exploring this place.
 F = Levels seen in this place.
 G = Mean time per level.
                   A        B        C        D        E       F      G
               +--------+--------+--------+--------+--------+-----+--------+
         Total |   4414 |   4136 |    278 |    631 |   2752 |   6 |  735.7 |
       Dungeon |   4331 |   4125 |    206 |    631 |   2744 |   5 |  866.2 |
        Temple |     82 |     10 |     72 |      0 |      8 |   1 |   82.0 |
               +--------+--------+--------+--------+--------+-----+--------+

Top non-repeatable levels by time:
     D:4: 1634 daAuts
     D:3: 986 daAuts
     D:1: 873 daAuts
     D:2: 587 daAuts
     D:5: 250 daAuts
  Temple: 82 daAuts
